 Dungeon Crawl Stone Soup version 0.23.0 (webtiles) character file.

Game seed: 14585993320445346429

501 theswoord the Twirler (level 6, -2/44 HPs)
             Began as a Demonspawn Gladiator on Feb 16, 2019.
             Slain by Duvessa
             ... wielding a +0 rapier
              (6 damage)
             ... on level 3 of the Dungeon.
             The game lasted 00:08:39 (3817 turns).

theswoord the Twirler (Demonspawn Gladiator)        Turns: 3817, Time: 00:08:39

Health: -2/44      AC: 10    Str: 15    XL:     6   Next: 95%
Magic:  6/6        EV:  7    Int:  9    God:
Gold:   297        SH:  0    Dex: 16    Spells: 5/5 levels left

rFire    . . .     SeeInvis .   a - +0 quarterstaff
rCold    . . .     Gourm    .   (shield currently unavailable)
rNeg     . . .     Faith    .   g - +0 chain mail
rPois    +         Spirit   .   (helmet restricted)
rElec    .         Reflect  .   (no cloak)
rCorr    .         Harm     .   (no gloves)
MR       .....                  (no boots)
Stlth    ..........             (no amulet)
HPRegen  0.14/turn              j - ring of poison resistance
MPRegen  0.10/turn              (no ring)

@: no status effects
A: horns 1, yellow scales 1, foul stench 1, rot immunity
a: no special abilities


You were on level 3 of the Dungeon.
You were not hungry.

You visited 1 branch of the dungeon, and saw 4 of its levels.

You collected 297 gold pieces.

Inventory:

Hand Weapons
 a - a +0 quarterstaff (weapon)
Missiles
 d - 3 throwing nets (quivered)
Armour
 b - a +0 leather armour
 c - a +1 helmet
 g - a +0 chain mail (worn)
Jewellery
 j - a ring of poison resistance (left hand)
Scrolls
 i - a scroll of magic mapping
 l - 2 scrolls of identify
 n - a scroll of fog
Potions
 e - 2 potions of cancellation
 k - a potion of flight
Comestibles
 f - 5 rations
 h - 7 chunks of flesh


   Skills:
 - Level 2.0 Fighting
 + Level 7.2 Staves
 - Level 1.7 Throwing
 - Level 2.6 Dodging


You had 5 spell levels left.
You didn't know any spells.
Your spell library was empty.

Dungeon Overview and Level Annotations

Branches:
Dungeon (4/15)
 Temple: D:4-7

Altars:
Ashenzari

Annotations:
D:3 Duvessa


Innate Abilities, Weirdness & Mutations

You have a pair of small horns on your head.
You are partially covered in yellow scales. (AC +2)
You may emit foul miasma when damaged in melee.
You are immune to rotting.


Message History

a cursed -2 dagger; a +0 robe; the elf corpse of Dowan You sock Duvessa!
Duvessa barely misses you. Duvessa hits you with a +0 rapier!
* * * LOW HITPOINT WARNING * * *
You hit Duvessa. Duvessa hits you but does no damage.
Duvessa hits you but does no damage.
Duvessa rages.
Duvessa hits you but does no damage. Duvessa hits you but does no damage.
Duvessa hits you but does no damage. Duvessa hits you with a +0 rapier!
* * * LOW HITPOINT WARNING * * *
Duvessa is no longer berserk.
Duvessa hits you with a +0 rapier.
* * * LOW HITPOINT WARNING * * *
There is a stone staircase leading up here.
You hit Duvessa but do no damage. Your headbutt misses Duvessa.
Duvessa hits you but does no damage.
You climb upwards.
There is a stone staircase leading down here.
You hit Duvessa. Duvessa hits you with a +0 rapier.
You die...

#.# # #.# ###### #.# #....#
#.# #....#
#.###########....#
#...........#....#
#...........#....#
#e..........#....#
#@..........'.....
######################.....
#.<................).'.....
####...............###.....
#.#############.# ###...
#.# ##########.# #.## #.#
#........#.#####.## #.#
#........#.##...... #.#
#........#.##.##...


You could see Duvessa.

Vanquished Creatures
  A big kobold (D:3)
  Dowan (D:4)
  A hound (D:4)
  Jessica (D:2)
  12 gnolls (D:3)
  A howler monkey skeleton (D:4)
  5 adders
  An ooze (D:2)
  A worm (D:3)
  A dart slug (D:1)
  4 leopard geckos
  9 orcs (D:3)
  3 giant cockroaches
  26 goblins
  33 hobgoblins
  9 jackals
  A ball python (D:2)
  7 bats
  6 frilled lizards
  5 kobolds
  7 rats
135 creatures vanquished.

Vanquished Creatures (others)
  2 fungi (D:4)
2 creatures vanquished.

Grand Total: 137 creatures vanquished

Notes
Turn   | Place    | Note
-------+----------+-------------------------------------------
     0 | D:1      | theswoord the Demonspawn Gladiator began the quest for the
                  | Orb.
     0 | D:1      | Reached XP level 1. HP: 16/16 MP: 1/1
    36 | D:1      | Reached skill level 3 in Staves
   289 | D:1      | Found a shattered altar of Ashenzari.
   309 | D:1      | Gained mutation: You are partially covered in yellow
                  | scales. (AC +2) [demonic ancestry]
   309 | D:1      | Reached XP level 2. HP: 17/22 MP: 2/2
   665 | D:1      | Gained mutation: You are immune to rotting. [demonic
                  | ancestry]
   665 | D:1      | Reached XP level 3. HP: 27/27 MP: 3/3
   693 | D:1      | Reached skill level 4 in Staves
  1183 | D:2      | Reached XP level 4. HP: 21/33 MP: 4/4
  1401 | D:2      | Noticed Jessica
  1404 | D:2      | Killed Jessica
  1529 | D:3      | Reached skill level 5 in Staves
  1794 | D:3      | Gained mutation: You may emit foul miasma when damaged in
                  | melee. [demonic ancestry]
  1794 | D:3      | Reached XP level 5. HP: 14/38 MP: 5/5
  2914 | D:3      | Reached skill level 6 in Staves
  3127 | D:3      | Gained mutation: You have a pair of small horns on your
                  | head. [demonic ancestry]
  3127 | D:3      | Reached XP level 6. HP: 43/44 MP: 6/6
  3773 | D:4      | Noticed Duvessa
  3773 | D:4      | Noticed Dowan
  3782 | D:4      | Reached skill level 7 in Staves
  3796 | D:4      | Killed Dowan
  3817 | D:3      | Slain by Duvessa

Skill      XL: |  1  2  3  4  5  6 |
---------------+-------------------+-----
Staves         | 3 4 5 6 7 |  7.2
Fighting       | |  2.0
Throwing       | |  1.7
Dodging        | |  2.6

Action                   |  1- 3 |  4- 6 || total
-------------------------+-------+-------++-------
Melee: Quarterstaff      |   123 |   258 ||   381
       Headbutt          |       |    17 ||    17
  Use: Scroll            |       |     9 ||     9
       Potion            |       |     4 ||     4
 Stab: Sleeping          |     2 |       ||     2
  Eat: Chunk             |     1 |     9 ||    10
Armor: Leather armour    |    39 |    20 ||    59
       Chain mail        |       |   137 ||   137
Dodge: Dodged            |    80 |   123 ||   203

Levels and vault maps discovered:
D:1:      evilmike_arrival_home_sweet_home, layout_basic, hex_intersection,
          kennysheep_pointless_box, ashenzari_altar_1
D:2:      layout_basic, uniq_jessica
D:3:      minmay_goblin_kobold_castle, layout_basic
D:4:      layout_rooms, serial_aquarium, aquarium_bridge_straight
          [aquarium_subvault_bridge, aquarium_subvault_wall,
          aquarium_subvault_bridge, aquarium_subvault_wall],
          aquarium_bridge_long_joined [aquarium_subvault_window,
          aquarium_subvault_bridge, aquarium_subvault_window,
          aquarium_subvault_wall, aquarium_subvault_bridge,
          aquarium_subvault_window], aquarium_window_fake, aquarium_window_1,
          aquarium_view_2a, aquarium_view_2b, aquarium_balcony_3b,
          aquarium_pool_1, uniq_natasha, uniq_duvessa
